 Dungeon Crawl Stone Soup version 0.28.0 (webtiles) character file.

Game seed: 3681211985800696696

37 bande the Covered (level 3, -1/24 HPs)
             Began as a Gargoyle Fighter on Feb 16, 2022.
             Slain by a gnoll (5 damage)
             ... on level 2 of the Dungeon.
             The game lasted 00:01:47 (1201 turns).

bande the Covered (Gargoyle Fighter)                Turns: 1201, Time: 00:01:47

Health: -1/24      AC: 12    Str: 19    XL:     3   Next: 41%
Magic:  3/3        EV:  7    Int:  8    God:
Gold:   38         SH:  4    Dex: 11    Spells: 2/2 levels left

rFire   . . .      SeeInvis .   a - +0 war axe (drain)
rCold   . . .      Faith    .   c - +0 buckler
rNeg    + . .      Spirit   .   i - +0 chain mail
rPois   ∞          Reflect  .   (no helmet)
rElec   +          Harm     .   (no cloak)
rCorr   .          Rampage  .   (no gloves)
Will    .....                   (no boots)
Stlth   ..........              (no amulet)
HPRegen 0.08/turn               (no ring)
MPRegen 0.08/turn               (no ring)

@: no status effects
A: sickness immunity, AC +3, negative energy resistance 1, electricity
resistance, torment resistance 1, petrification resistance
a: no special abilities


You were on level 2 of the Dungeon.
You visited 1 branch of the dungeon, and saw 2 of its levels.

You collected 38 gold pieces.

Inventory:

Hand Weapons
 a - a +0 war axe of draining (weapon)
Armour
 c - a +0 buckler (worn)
 i - a +0 chain mail (worn)
Scrolls
 h - 2 scrolls of teleportation
Potions
 d - a potion of might
 e - a potion of degeneration {unknown}
 f - a potion of curing {unknown}
 g - a potion of haste {unknown}


   Skills:
 + Level 3.6 Fighting
 + Level 2.4 Axes
 + Level 3.7 Armour
 + Level 3.6 Shields


You had 2 spell levels left.
You didn't know any spells.
Your spell library was empty.

Dungeon Overview and Level Annotations

Branches:
Dungeon (2/15)

Altars:


Innate Abilities, Weirdness & Mutations

You are immune to sickness and miasma.
Your stone body is resilient. (AC +3)
You are immune to poison.
You resist negative energy. (rN+)
You are resistant to electric shocks. (rElec)
You are resistant to unholy torment.
You are immune to petrification.


Message History

You are too injured to fight recklessly!
You are too injured to fight recklessly!
You are too injured to fight recklessly!
You are too injured to fight recklessly!
You are too injured to fight recklessly!
Unknown command.
The gnoll hits you but does no damage.
A ball python comes into view.
Found a stone staircase leading down.
The ball python hisses angrily.
A goblin comes into view. It is wielding a +0 club.
A rat comes into view.
The goblin shouts!
The ball python bites you. The ball python grabs you.
The ball python constricts you.
You slash the ball python!
You kill the ball python!
You barely miss the goblin. You hit the gnoll.
The goblin hits you but does no damage. You block the gnoll's attack.
You closely miss the goblin. You hit the gnoll.
The goblin hits you but does no damage. x2
Unknown command.
You slash the goblin!
You kill the goblin!
You closely miss the gnoll. You hit the gnoll. You drain the gnoll.
The gnoll hits you but does no damage. You block the gnoll's attack.
The gnoll hits you from afar with a +0 spear.
You block the gnoll's attack.
You hit the rat but do no damage. You hit the gnoll but do no damage.
You drain the gnoll. You hit the gnoll but do no damage.
The gnoll hits you from afar with a +0 spear.
* * * LOW HITPOINT WARNING * * *
The rat barely misses you. The gnoll hits you but does no damage.
You block the gnoll's attack. The gnoll barely misses you.
You block the rat's attack.
You closely miss the rat. You barely miss the gnoll. x2
The gnoll hits you with a +0 whip.
* * * LOW HITPOINT WARNING * * *
The gnoll hits you with a +0 whip.
You die...

#. # #### #.##
##. #.. ...#
##... #.# #..#
#....>##.#####..#
......r@g....#.g#
......##g###...g#
##... #g######.#
##. #g...g.g.# #
##########


You could see 4 gnolls and a rat.

Vanquished Creatures
  A dart slug (D:1)
  2 ball pythons
  3 endoplasms (D:1)
  2 giant cockroaches
  4 goblins
  5 hobgoblins
  4 jackals (D:1)
  A kobold (D:1)
  A quokka (D:1)
  3 bats (D:1)
  2 rats (D:1)
28 creatures vanquished.

Notes
Turn   | Place    | Note
-------+----------+-------------------------------------------
     0 | D:1      | bande the Gargoyle Fighter began the quest for the Orb.
     0 | D:1      | Reached XP level 1. HP: 14/14 MP: 1/1
    65 | D:1      | Found a faded altar of an unknown god.
   231 | D:1      | Reached XP level 2. HP: 19/19 MP: 2/2
   806 | D:1      | Reached XP level 3. HP: 23/23 MP: 3/3
  1201 | D:2      | Slain by a gnoll

Illustrated notes

Levels and vault maps discovered:
D:1:      dpeg_arrival_rooms_b, layout_loops_corners,
          nicolae_ecumenical_lake_church, dk_noncrumbling_4
D:2:      layout_loops_ring, uniq_robin, uniq_terence, uniq_sigmund

Skill      XL: |  1 |
---------------+----+-----
Axes           | 2 |  2.4
Fighting       | |  3.6
Armour         | |  3.7
Shields        | |  3.6

Action                   || total
-------------------------++-------
Melee: War axe           ||    75
  Use: Scroll            ||     5
Armor: Scale mail        ||    36
       Chain mail        ||    10
Dodge: Dodged            ||    33
Block: Buckler           ||    24
